 Dungeon Crawl Stone Soup version 0.30.0-5-g1a98f26d00 (webtiles) character file.

Game seed: 17673359774425925193

105 Brutalitops the Sneak (level 4, -1/26 HPs)
             Began as a Deep Elf Brigand on May 12, 2023.
             Was a Follower of Lugonu.
             Slain by an adder skeleton (3 damage)
             ... on level 3 of the Dungeon.
             The game lasted 00:12:05 (1743 turns).

Brutalitops the Sneak (Deep Elf Brigand)            Turns: 1743, Time: 00:12:06

Health: -1/26      AC:  9    Str:  6 (8)  XL:     4   Next: 53%
Magic:  6/6        EV:  9    Int: 20 (22) God:    Lugonu [*.....]
Gold:   76         SH:  0    Dex: 15 (18) Spells: 3/3 levels left

rFire   . . .        a - +3 dagger
rCold   . . .        (no shield)
rNeg    . . .        v - +0 ring mail
rPois   .            h - +0 helmet
rElec   .            c - +0 cloak
rCorr   .            (no gloves)
SInv    .            (no boots)
Will    .....        (no amulet)
Stlth   +            j - +6 ring of intelligence
HPRegen 0.24/turn    (no ring)
MPRegen 0.10/turn

%: no passive effects
@: confused
A: iridescent scales 1, mutation resistance 1
a: Renounce Religion, Depart the Abyss


You were on level 3 of the Dungeon.
You worshipped Lugonu.
Lugonu was aware of your devotion.
You visited 1 branch of the dungeon, and saw 3 of its levels.

You collected 76 gold pieces.

Inventory:

Hand Weapons
 a - a +3 dagger (weapon)
 n - a +1 short sword of protection
 p - a +0 dagger of venom
Missiles
 d - 7 poisoned darts (quivered)
 e - 3 curare-tipped darts
Armour
 b - a +0 robe
 c - a +0 cloak (worn)
 h - a +0 helmet (worn)
 v - a +0 ring mail (worn)
Jewellery
 j - a +6 ring of intelligence (left hand)
 t - an amulet of guardian spirit
Scrolls
 f - a scroll of noise {unknown}
 g - 2 scrolls of enchant weapon
 k - a scroll of enchant armour {unknown}
 l - 4 scrolls of identify
 m - 2 scrolls of poison {unknown}
 o - a scroll of torment {unknown}
 q - 3 scrolls of teleportation {unknown}
 r - a scroll of immolation {unknown}
 u - a scroll of silence {unknown}
Potions
 i - a potion of curing
 s - a potion of haste


   Skills:
 + Level 1.9 Fighting
 + Level 2.6 Short Blades
 + Level 2.8 Throwing
 + Level 1.6 Dodging
 + Level 6.1 Stealth
 * Level 0.9 Invocations


You had 3 spell levels left.
You didn't know any spells.
Your spell library was empty.

Dungeon Overview and Level Annotations

Branches:
Dungeon (3/15)

Altars:
Lugonu

Annotations:
D:3 Natasha


Innate Abilities, Weirdness & Mutations

You are partially covered in iridescent scales. (AC +2)
You are somewhat resistant to further mutation.


Message History

Something hits you but does no damage.
You hit the adder skeleton.
The adder skeleton is lightly damaged.
The adder skeleton bites you but does no damage.
You hit the adder skeleton.
The adder skeleton is moderately damaged.
You hear some strange, mumbled words.
You are confused.
An orc comes into view. It is wielding a +0 short sword.
The adder skeleton bites you but does no damage.
The orc shouts!
You bump into the dead tree.
You hear some strange, mumbled words.
A puff of flame appears from out of thin air!
The puff of flame hits you. The adder skeleton barely misses you.
The adder skeleton bites you but does no damage.
Something hits you but does no damage. The orc closely misses you.
The adder skeleton bites you but does no damage.
The adder skeleton closely misses you.
You hear some strange, mumbled words.
You are more confused.
The orc hits you with a +0 short sword. The adder skeleton bites you.
Something hits you but does no damage. The orc hits you with a +0 short sword.
The adder skeleton barely misses you. Something hits you but does no damage.
The orc hits you with a +0 short sword.
* * * LOW HITPOINT WARNING * * *
The adder skeleton bites you.
* * * LOW HITPOINT WARNING * * *
It was a potion of degeneration.
There was something very wrong with that liquid.
You feel weakened.
You feel dopey.
You feel clumsy. Something hits you but does no damage.
The orc barely misses you. The adder skeleton barely misses you.
It was a potion of mutation.
You feel extremely strange.
You feel genetically stable.
Iridescent scales grow over part of your body.
Something hits you but does no damage. The orc hits you but does no damage.
The adder skeleton bites you.
You die...

###..#.^.... P.P. ♣♣.?###..
#...........♣♣P.P♣♣♣♣........
#........# ♣P.P♣♣...........
#..$.....# ♣..P♣#......#[...
#........# ♣..P♣.........†..
#........# #♣..P♣.....##.....
#..o.....# #..P♣♣ ###......#.
#......o.# #.Z♣♣# #........#.
#........# #@{..# #...<....#.
#....†...# ##o#####........!.
#........####.####.........#.
########.#....##...........#.
#.#.####...########...
#...###..#....... ...
#..#........####. ##
##...........#
#.............#


You could see an orc and an adder skeleton.

Vanquished Creatures
  5 gnolls
  An adder (D:3)
  An orc (D:3)
  6 endoplasms
  2 giant cockroaches
  4 hobgoblins
  2 jackals (D:1)
  3 kobolds
  A quokka (D:1)
  8 ball pythons
  6 bats
  2 frilled lizards (D:1)
  3 goblins
  2 rats
46 creatures vanquished.

Notes
Turn   | Place    | Note
-------+----------+-------------------------------------------
     0 | D:1      | Brutalitops the Deep Elf Brigand began the quest for the
                  | Orb.
     0 | D:1      | Reached XP level 1. HP: 12/12 MP: 3/3
    55 | D:1      | Reached skill level 5 in Stealth
   176 | D:1      | Reached XP level 2. HP: 16/16 MP: 4/4
   482 | D:1      | Reached XP level 3. HP: 13/21 MP: 5/5
   846 | D:1      | Found a faded altar of an unknown god.
   854 | D:1      | Prayed at the altar of an unknown god.
   854 | D:1      | Became a worshipper of Lugonu the Unformed
   854 | D:1      | Reached * piety under Lugonu
  1274 | D:2      | Reached skill level 6 in Stealth
  1274 | D:2      | Reached XP level 4. HP: 26/26 MP: 6/6
  1721 | D:3      | Noticed Natasha
  1743 | D:3      | Gained mutation: You are somewhat resistant to further
                  | mutation. [potion of mutation]
  1743 | D:3      | Gained mutation: You are partially covered in iridescent
                  | scales. (AC +2) [potion of mutation]
  1743 | D:3      | Slain by an adder skeleton

Illustrated notes

Levels and vault maps discovered:
D:1:      saegor_arrival_simple_d, layout_loops_ring,
          dilly_ecumenical_altar_fadedgnrine, st_stairs_13,
          nicolae_grassy_gnolls
D:2:      layout_rooms, minmay_tiny_reverse_x
D:3:      layout_rooms, portal_sewer_entry_d, dilly_guarded_unrand_morg,
          uniq_crazy_yiuf_cottage

Skill      XL: |  1  2  3 |
---------------+----------+-----
Stealth        | 5 6 |  6.1
Fighting       | |  1.9
Short Blades   | |  2.6
Throwing       | |  2.8
Dodging        | |  1.6
Invocations    | |  0.9

Action                     |  1- 3 |  4- 6 || total
---------------------------+-------+-------++-------
  Melee: Dagger            |    85 |    34 ||   119
  Throw: Dart              |    36 |     2 ||    38
    Use: Scroll            |     2 |     1 ||     3
         Potion            |       |     2 ||     2
   Stab: Sleeping          |     9 |     1 ||    10
 Armour: Robe              |    22 |     9 ||    31
         Ring mail         |       |    20 ||    20
  Dodge: Dodged            |    52 |    22 ||    74
